 Dungeon Crawl Stone Soup version 0.22-a0-571-g4a923d4b9e (webtiles) character file.

13251 Oirien the Severer (level 11, -8/86 HPs)
             Began as a Demonspawn Fighter on July 1, 2018.
             Mangled by a death knight
             ... wielding a +2 morningstar of protection
              (12 damage)
             ... on level 11 of the Dungeon.
             The game lasted 00:37:40 (11036 turns).

Oirien the Severer (Demonspawn Fighter)            Turns: 11036, Time: 00:37:41

Health: -8/86      AC: 20    Str: 19    XL:     11   Next: 73%
Magic:  0/20       EV:  4    Int: 11    God:
Gold:   1034       SH: 20    Dex: 12    Spells: 10/10 levels left

rFire    . . .     SeeInvis +   a - +2 broad axe (flame)
rCold    + . .     Gourm    .   M - +0 large shield
rNeg     . . .     Faith    .   n - +7 chain mail "Inesm" {+Fly rC+}
rPois    .         Spirit   +   t - +0 helmet {SInv}
rElec    .         Reflect  .   e - +2 cloak
rCorr    .         Harm     .   (no gloves)
MR       .....                  (no boots)
Stlth    ..........             m - amulet of magic regeneration
HPRegen  0.24/turn              g - ring of loudness (curse)
MPRegen  0.59/turn              h - ring of magical power

@: no status effects
A: hooves 2, large bone plates 2, nightstalker 1, magic shield, magic
regeneration, magic link
a: Evoke Flight


You were on level 11 of the Dungeon.
You were not hungry.

You visited 2 branches of the dungeon, and saw 12 of its levels.
You also visited: Sewer and Ossuary.

You collected 1034 gold pieces.

Inventory:

Hand Weapons
 a - a +2 broad axe of flaming (weapon)
 b - a +3 trident of venom
 l - the +10 dagger "Oponotz" {antimagic, MR+ Str+2 Dex+4}
   (You took it off an orc on level 9 of the Dungeon)

   It reduces the magical energy of the wielder, and disrupts the spells and
   magical abilities of those hit.
   Natural abilities and divine invocations are not affected.
   It affects your strength (+2).
   It affects your dexterity (+4).
   It affects your resistance to hostile enchantments.
 K - a +3 morningstar
Armour
 e - a +2 cloak (worn)
 n - the +7 chain mail "Inesm" (worn) {+Fly rC+}
   (You took it off an orc on level 3 of the Dungeon)

   It protects you from cold.
   It lets you fly.
 q - a +1 ring mail of positive energy
 t - a +0 helmet of see invisible (worn)
 M - a +0 large shield (worn)
Jewellery
 c - an uncursed ring of resist corrosion {unknown}
 g - a cursed ring of loudness (left hand)
 h - a ring of magical power (right hand)
 k - an uncursed ring of poison resistance {unknown}
 m - an amulet of magic regeneration (around neck)
 v - a +1 ring of evasion {unknown}
 w - a cursed ring of flight {unknown}
 B - an uncursed ring of see invisible {unknown}
 F - a cursed -3 ring of evasion {unknown}
 I - an uncursed ring of fire {unknown}
Wands
 s - a wand of random effects (37)
 E - a wand of iceblast (28)
Scrolls
 j - 2 scrolls of identify
 o - 4 scrolls of amnesia
 r - 4 scrolls of enchant weapon
 y - 3 scrolls of fear
 G - 3 scrolls of teleportation
Potions
 d - 5 potions of might
 i - 11 potions of curing
 p - 3 potions of lignification
 u - 2 potions of brilliance
 x - 2 potions of magic
 z - 2 potions of heal wounds
 C - 3 potions of mutation
 D - a potion of resistance
 H - a potion of cancellation {unknown}
 J - a potion of flight
 L - a potion of haste
Comestibles
 f - 22 rations
 A - 5 chunks of flesh


   Skills:
 + Level 7.8 Fighting
 * Level 15.0 Axes
 + Level 0.1(10.1) Polearms
 - Level 2.7 Armour
 - Level 1.9 Dodging
 - Level 0.4 Stealth
 + Level 3.8 Shields


You had 10 spell levels left.
You didn't know any spells.
Your spell library contained the following spells:

 Spells                   Type           Power        Failure   Level  Hunger
 Confuse                  Hex            #.......     100%        3    ####...
 Animate Dead             Necr           N/A          100%        4    #####..
 Pain                     Necr           #...         100%        1    ##.....
 Animate Skeleton         Necr           N/A          100%        1    ##.....
 Vampiric Draining        Necr           #.........   100%        3    ####...
 Regeneration             Chrm/Necr      #.........   100%        3    ####...
 Confusing Touch          Hex            #.....       100%        1    ##.....
 Metabolic Englaciation   Hex/Ice        #.........   100%        5    ######.
 Petrify                  Tmut/Erth      #.......     100%        4    #####..
 Gell's Gravitas          Tloc           #.........   100%        3    ####...
 Yara's Violent Unravell  Hex/Tmut       #.........   100%        5    ######.


Dungeon Overview and Level Annotations

Branches:
Dungeon (11/15)            Temple (1/1) D:4             Orc (0/2) D:9
   Lair: D:8-11

Altars:
Ashenzari
Cheibriados
Dithmenos
Elyvilon
Fedhas
Gozag
Hepliaklqana
Kikubaaqudgha
Makhleb
Nemelex Xobeh
Okawaru
Qazlal
Ru
Sif Muna
Trog
Uskayaw
Vehumet
Wu Jian
Xom
Yredelemnul
Zin
The Shining One
Beogh

Shops:
D:4 !   D:6 *   D:8 [

Portals:
Trove: D:11 (give 13 scrolls of teleportation)


Innate Abilities, Weirdness & Mutations

You have hoof-like feet.
You are mostly covered in large bone plates. (SH +6)
You are slightly more attuned to the shadows.
When hurt, damage is shared between your health and your magic reserves.
You regenerate magic rapidly.
When low on magic, you restore magic in place of health.


Message History

You slash the wraith! You burn the wraith.
You destroy the wraith!
You hit the death knight but do no damage.
A skeletal warrior comes into view. It is wielding a war axe.
You block the death knight's attack.
You closely miss the death knight. You kick the death knight.
The death knight is almost dead.
The tormentor calls on the powers of darkness!
The death knight convulses!
Your body is wracked with pain!
* * * LOW HITPOINT WARNING * * *
The tormentor shouts, "Prepare for my thousand needles of pain!"
The tormentor calls on the powers of darkness!
The death knight convulses!
Your body is wracked with pain!
* * * LOW HITPOINT WARNING * * *
The death knight hits you with a morningstar of protection!
* * * LOW HITPOINT WARNING * * *
You closely miss the death knight.
The death knight is almost dead.
The death knight hits you with a morningstar of protection!
You die...

###### ...(.# ######
.....# #....######
.....# #..........
##†### #.......... #.#
#.#........ #.#
#.#.@p.z...
##<##########.#.....z..
.............[#.....?##
##.############.....##(
#.# #....)#2( #.#
#.....#2. #.# #....##[≈
#.# #.#


You could see a death knight, 2 skeletal warriors and 2 tormentors.

Vanquished Creatures
  2 two-headed ogres
  An unseen horror (D:10)
  Pikel (D:6)
  An ugly thing (D:11)
  A manticore (D:9)
  Joseph (D:8)
  A gargoyle (D:10)
  A komodo dragon (D:9)
  A hornet (D:8)
  A troll (D:9)
  Prince Ribbit (D:8)
  Grinder (D:3)
  3 hippogriffs
  Sigmund (D:6)
  The ghost of Goblin1989 the Cudgeler, an amateur OgGl (D:3)
  A spriggan (D:8)
  13 yaks
  A wraith (D:11)
  Eustachio (D:6)
  A hungry ghost (D:8)
  A water moccasin (D:6)
  An orc warrior (D:8)
  A hornet zombie (D:10)
  An ice beast (D:6)
  A black bear (D:10)
  4 phantoms
  3 sky beasts
  A slave (D:6)
  4 ogres
  2 centaurs
  A big kobold (D:9)
  A wyvern zombie (D:7)
  6 bullfrogs
  5 scorpions
  9 wights
  3 howler monkeys (D:7)
  An electric eel (D:8)
  7 crimson imps
  2 centaur zombies
  A bullfrog zombie (D:7)
  3 hounds
  A bullfrog skeleton (D:6)
  4 jellies
  3 orc priests
  10 orc wizards
  3 centaur skeletons
  A gnoll shaman (D:9)
  Crazy Yiuf (D:7)
  7 iguanas
  14 worker ants
  A killer bee zombie (D:5)
  A hound zombie (D:7)
  A hound skeleton (D:7)
  8 mummies (Ossuary)
  2 worker ant zombies
  6 gnolls
  11 adders
  A river rat (D:5)
  A shadow imp (D:3)
  3 oozes
  An adder skeleton (D:4)
  A worm (D:2)
  3 dart slugs
  6 leopard geckos
  51 orcs
  10 bats
  5 giant cockroaches
  2 gnoll zombies (Ossuary)
  12 goblins
  9 hobgoblins
  8 jackals
  12 kobolds
  7 quokkas
  2 ball pythons
  4 frilled lizards
  3 hobgoblin zombies (Ossuary)
  A jackal zombie (D:5)
  2 kobold zombies (Ossuary)
  A leopard gecko skeleton (D:7)
  A leopard gecko zombie (D:5)
  An orc zombie (Ossuary)
  3 quokka skeletons
  13 rats
330 creatures vanquished.

Vanquished Creatures (others)
  A bullfrog (D:6)
1 creature vanquished.

Grand Total: 331 creatures vanquished

Notes
Turn   | Place    | Note
-------+----------+-------------------------------------------
     0 | D:1      | Oirien the Demonspawn Fighter began the quest for the Orb.
     0 | D:1      | Reached XP level 1. HP: 18/18 MP: 1/1
   150 | D:1      | Reached skill level 2 in Axes
   466 | D:1      | Gained mutation: You have large cloven feet. [demonic ancestry]
   466 | D:1      | Reached XP level 2. HP: 24/24 MP: 2/2
   745 | D:1      | Gained mutation: You are partially covered in large bone plates. (SH +4) [demonic ancestry]
   745 | D:1      | Reached XP level 3. HP: 29/29 MP: 3/3
   992 | D:2      | Found a faded altar of an unknown god.
  1047 | D:2      | Reached skill level 3 in Axes
  1276 | D:2      | Gained mutation: You are slightly more attuned to the shadows. [demonic ancestry]
  1276 | D:2      | Reached XP level 4. HP: 33/35 MP: 4/4
  1743 | D:2      | Found a snail-covered altar of Cheibriados.
  1896 | D:3      | Reached skill level 4 in Axes
  1998 | D:3      | Noticed Grinder
  2006 | D:3      | Paralysed by Grinder for 3 turns
  2022 | D:3      | Paralysed by Grinder for 7 turns
  2032 | D:3      | Paralysed by Grinder for 2 turns
  2037 | D:3      | Paralysed by Grinder for 2 turns
  2042 | D:3      | Paralysed by Grinder for 7 turns
  2054 | D:3      | Killed Grinder
  2054 | D:3      | Reached skill level 5 in Axes
  2054 | D:3      | Reached skill level 1 in Dodging
  2054 | D:3      | Reached XP level 5. HP: 18/42 MP: 5/5
  2054 | D:3      | Gained mutation: You are mostly covered in large bone plates. (SH +6) [demonic ancestry]
  2054 | D:3      | Reached XP level 6. HP: 21/48 MP: 6/6
  2343 | D:3      | Found a hide-covered altar of Uskayaw.
  2663 | D:3      | Found a runed gate.
  2663 | D:3      | Noticed Goblin1989's ghost (amateur OgGl)
  2664 | D:3      | Found a runed gate.
  2665 | D:3      | Found a runed gate.
  2708 | D:3      | Killed Goblin1989's ghost
  2708 | D:3      | Reached skill level 6 in Axes
  2735 | D:3      | Got a warped chain mail
  2743 | D:3      | Found a roughly hewn altar of Beogh.
  2774 | D:3      | Identified the +7 chain mail "Inesm" {+Fly rC+} (You took it off an orc on level 3 of the Dungeon)
  2888 | D:3      | Found a bloodstained altar of Trog.
  2917 | D:3      | Gained mutation: When hurt, damage is shared between your health and your magic reserves. [demonic ancestry]
  2917 | D:3      | Reached XP level 7. HP: 53/53 MP: 7/7
  3376 | D:4      | Reached skill level 7 in Axes
  3831 | D:4      | Found a staircase to the Ecumenical Temple.
  4181 | D:4      | Found Nonna's Distillery.
  4383 | Temple   | Entered the Ecumenical Temple
  4639 | D:5      | Entered Level 5 of the Dungeon
  4659 | D:5      | Reached XP level 8. HP: 61/61 MP: 8/8
  4830 | D:5      | Reached skill level 8 in Axes
  4834 | D:5      | Found a glowing drain.
  4848 | Sewer    | Entered a sewer
  5103 | D:5      | Found a blossoming altar of Fedhas.
  5130 | D:5      | Found a sand-covered staircase.
  5280 | Ossuary  | Entered an ossuary
  5589 | D:5      | Reached skill level 9 in Axes
  5888 | D:6      | Reached skill level 5 in Fighting
  5911 | D:6      | Identified a scroll of acquirement
  6035 | D:6      | Noticed Sigmund
  6046 | D:6      | Noticed Pikel
  6056 | D:6      | Killed Sigmund
  6072 | D:6      | Killed Pikel
  6072 | D:6      | Reached skill level 10 in Axes
  6072 | D:6      | Gained mutation: You regenerate magic rapidly. [demonic ancestry]
  6072 | D:6      | Reached XP level 9. HP: 48/68 MP: 9/9
  6075 | D:6      | Found a hazy altar of Hepliaklqana.
  6307 | D:6      | Found a deep blue altar of Sif Muna.
  6518 | D:6      | Found a sacrificial altar of Ru.
  6522 | D:6      | Found an iron altar of Okawaru.
  6524 | D:6      | Found a basalt altar of Yredelemnul.
  6538 | D:6      | Found a glowing silver altar of Zin.
  6544 | D:6      | Found a bloodstained altar of Trog.
  6702 | D:6      | Found Azxiufad's Assorted Antiques.
  6771 | D:6      | Reached skill level 11 in Axes
  6796 | D:6      | Noticed Eustachio
  6808 | D:6      | Killed Eustachio
  7014 | D:7      | Found an ornate altar of the Wu Jian Council.
  7230 | D:7      | Gained mutation: When low on magic, you restore magic in place of health. [demonic ancestry]
  7230 | D:7      | Reached XP level 10. HP: 57/76 MP: 10/10
  7280 | D:7      | Found a shattered altar of Ashenzari.
  7280 | D:7      | Found a sparkling altar of Nemelex Xobeh.
  7340 | D:7      | Found a runed door.
  7574 | D:7      | Reached skill level 12 in Axes
  7692 | D:7      | Noticed Crazy Yiuf
  7695 | D:7      | Killed Crazy Yiuf
  7805 | D:8      | Found a shattered altar of Ashenzari.
  8044 | D:8      | Noticed Prince Ribbit
  8047 | D:8      | Killed Prince Ribbit
  8055 | D:8      | Found Ytwaofel's Antique Armour Shop.
  8062 | D:8      | Noticed Joseph
  8063 | D:8      | Noticed a two-headed ogre
  8074 | D:8      | Killed a two-headed ogre
  8079 | D:8      | Killed Joseph
  8479 | D:8      | Reached skill level 13 in Axes
  8955 | D:9      | Noticed a manticore
  8970 | D:9      | Killed a manticore
  9177 | D:9      | Found a staircase to the Orcish Mines.
  9374 | D:9      | Gained mutation: You have hoof-like feet. [demonic ancestry]
  9374 | D:9      | Reached XP level 11. HP: 84/84 MP: 11/11
  9418 | D:9      | Got a brightly glowing dagger {antimagic}
  9419 | D:9      | Identified the +10 dagger "Oponotz" {antimagic, MR+ Str+2 Dex+4} (You took it off an orc on level 9 of the Dungeon)
  9869 | D:10     | Entered Level 10 of the Dungeon
  9917 | D:10     | Noticed a two-headed ogre
  9924 | D:10     | Killed a two-headed ogre
  9924 | D:10     | Reached skill level 14 in Axes
 10009 | D:10     | Noticed an unseen horror
 10025 | D:10     | Killed an unseen horror
 10840 | D:11     | Noticed a purple ugly thing
 10850 | D:11     | Killed a purple ugly thing
 10882 | D:11     | Reached skill level 15 in Axes
 10985 | D:11     | Found a portal to a secret trove of treasure.
 11029 | D:11     | Noticed a death knight
 11033 | D:11     | Noticed a skeletal warrior
 11034 | D:11     | Noticed a skeletal warrior
 11035 | D:11     | HP: 4/86 [death knight/morningstar of protection (6)]
 11036 | D:11     | Mangled by a death knight

Vault maps used:
D:1:      minmay_arrival_cross, hangedman_feature_mirror
D:2:      kennysheep_slug_shrine, chequers_ecumenical_altar_simple
D:3:      eat_drink_and_be_merry_uskayaw, biasface_ghost_orc_armoury,
          trog_hazing_becter, uniq_grinder
D:4:      temple_doors_cd, serial_shops, kennysheep_little_box, first_ration
D:5:      nicolae_overflow_hidden_temple, enter_ossuary_3, portal_sewer_entry_a,
          hangedman_decor_points
D:6:      chequers_temple_overflow_minitemple, lemuel_crystal_altar,
          basic_altar, serial_shops, nicolae_shop_waterfront, uniq_sigmund,
          uniq_pikel, uniq_eustachio
D:7:      old_standard_altar, gammafunk_temple_overflow_wave,
          uniq_crazy_yiuf_cottage
D:8:      serial_shops, nicolae_shop_stone, basic_altar, the_bakery,
          uniq_prince_ribbit1, uniq_joseph
D:9:      orc_0_dummy
D:11:     cheibrodos_tormentor_scu, erik_lair_dragon, enter_trove_6,
          uniq_josephine
Temple:   dpeg_chambers_temple
Sewer:    kennysheep_door_sewer
Ossuary:  ossuary_tomb_3

Skill      XL: |  1  2  3  4  5  6  7  8  9 10 11 |
---------------+----------------------------------+-----
Axes           | 2 3 5 6 7 10 11 13 15 | 15.0
Dodging        | 1 |  1.9
Fighting       | 4 5 6 7 |  7.8
Shields        | 3 |  3.8
Polearms       | |  0.1
Armour         | |  2.7
Stealth        | |  0.4

Action                   |  1- 3 |  4- 6 |  7- 9 | 10-12 || total
-------------------------+-------+-------+-------+-------++-------
Melee: War axe           |   137 |   159 |   249 |       ||   545
       Kick              |    25 |    36 |    99 |   101 ||   261
       Broad axe         |       |       |   133 |   386 ||   519
       Trident           |       |       |     6 |       ||     6
  Use: Potion            |       |     5 |       |       ||     5
       Scroll            |       |     4 |     8 |     7 ||    19
  Eat: Chunk             |     1 |     6 |    14 |    15 ||    36
Armor: Scale mail        |    59 |    32 |       |       ||    91
       Skin              |       |    12 |       |       ||    12
       Plate armour      |       |    16 |       |       ||    16
       Chain mail        |       |     7 |   183 |   146 ||   336
Dodge: Dodged            |    31 |    30 |    48 |    51 ||   160
Block: Shield            |    91 |   111 |   253 |   243 ||   698
       Large shield      |       |       |       |    27 ||    27

Table legend:
 A = Spawn XP
 B = Non-spawn XP
 C = Spawn XP percentage of total XP
 D = Spawn monster count
 E = Non-spawn monster count
 F = Spawn count percentage of total count
 G = Total turns spent on level
                    A         B        C        D         E        F      G
               +---------+---------+-------+---------+---------+-------+---------
         Total |       0 |   18930 |   0.0 |       0 |     329 |   0.0 | 11036
               +---------+---------+-------+---------+---------+-------+---------
           D:1 |       0 |      57 |   0.0 |       0 |      28 |   0.0 |   976
           D:2 |       0 |      93 |   0.0 |       0 |      31 |   0.0 |   875
           D:3 |       0 |     583 |   0.0 |       0 |      42 |   0.0 |  1172
           D:4 |       0 |     606 |   0.0 |       0 |      22 |   0.0 |  1398
           D:5 |       0 |     895 |   0.0 |       0 |      23 |   0.0 |   963
           D:6 |       0 |    2041 |   0.0 |       0 |      26 |   0.0 |  1108
           D:7 |       0 |    1469 |   0.0 |       0 |      29 |   0.0 |   829
           D:8 |       0 |    2732 |   0.0 |       0 |      21 |   0.0 |   862
           D:9 |       0 |    4467 |   0.0 |       0 |      56 |   0.0 |  1524
          D:10 |       0 |    4387 |   0.0 |       0 |      26 |   0.0 |   649
          D:11 |       0 |    1446 |   0.0 |       0 |       9 |   0.0 |   196
       Ossuary |       0 |     154 |   0.0 |       0 |      16 |   0.0 |   259
               +---------+---------+-------+---------+---------+-------+---------
